 Dungeon Crawl Stone Soup version 0.30-b1-2-g02819fbbbe (webtiles) character file.

Game seed: 10215033730277797934

591 Alarkh the Shooter (level 7, 50/50 HPs)
             Began as a Demonspawn Hunter on May 24, 2023.
             Got out of the dungeon alive.
             The game lasted 00:04:18 (3590 turns).

Alarkh the Shooter (Demonspawn Hunter)              Turns: 3590, Time: 00:04:19

Health: 50/50      AC:  4    Str: 10 (12) XL:     7   Next: 16%
Magic:  6/6        EV: 11    Int: 11 (12) God:
Gold:   279        SH: 11    Dex: 15 (16) Spells: 6/6 levels left

rFire   . . .        a - +1 shortbow
rCold   . . .        (shield currently unavailable)
rNeg    . . .        c - +0 leather armour
rPois   .            q - +0 helmet
rElec   .            (no cloak)
rCorr   .            (no gloves)
SInv    .            (no boots)
Will    .....        p - amulet of reflection
Stlth   ++           (no ring)
HPRegen 0.28/turn    (no ring)
MPRegen 0.10/turn

%: reflection
@: no status effects
A: large bone plates 2, ignite blood 1, demonic magic 1, low MP 1
a: no special abilities


You escaped.
You visited 1 branch of the dungeon, and saw 4 of its levels.

You collected 279 gold pieces.

Inventory:

Hand Weapons
 a - a +1 shortbow (weapon)
Armour
 c - a +0 leather armour (worn)
 q - a +0 helmet (worn)
Magical Staves
 s - a staff of poison
Jewellery
 k - a ring of ice
 p - an amulet of reflection (around neck)
Wands
 u - a wand of flame (17)
Scrolls
 b - 3 scrolls of immolation
 h - 3 scrolls of blinking
 j - a scroll of enchant weapon
 n - a scroll of noise {unknown}
 o - 2 scrolls of teleportation {unknown}
 r - a scroll of identify
Potions
 d - a potion of resistance
 e - a potion of degeneration
 f - 4 potions of curing
 g - a potion of attraction
 i - a potion of ambrosia
 l - a potion of mutation
 m - 2 potions of might
 t - 2 potions of lignification


   Skills:
 - Level 2.0 Fighting
 * Level 7.4 Ranged Weapons
 - Level 1.7 Dodging
 + Level 3.0 Stealth


You had 6 spell levels left.
You didn't know any spells.
Your spell library contained the following spells:

 Spells                   Type           Power      Damage    Failure   Level
 Freeze                   Ice            0%         1d3       43%         1
 Sandblast                Erth           0%         2d4       43%         1
 Passwall                 Tmut/Erth      0%         N/A       58%         2
 Frozen Ramparts          Ice            0%         1d1       82%         3
 Hailstorm                Conj/Ice       0%         3d3       82%         3
 Stone Arrow              Conj/Erth      0%         3d7       82%         3
 Vhi's Electric Charge    Tloc/Air       0%         N/A       82%         3
 Animate Dead             Necr           0%         N/A       99%         4
 Arcjolt                  Conj/Air       0%         1d10      100%        5
 Borgnjor's Vile Clutch   Necr/Erth      0%         N/A       100%        5
 Death Channel            Necr           0%         N/A       100%        6
 Maxwell's Capacitive Co  Air            0%         ∞         100%        8


Dungeon Overview and Level Annotations

Branches:
Dungeon (4/15)
 Temple: D:4-7

Altars:
Cheibriados
Makhleb
Wu Jian
Xom


Innate Abilities, Weirdness & Mutations

You are mostly covered in large bone plates. (SH +6)
Your demonic aura sometimes causes spilled blood to erupt in flames.
Spells you cast may paralyse adjacent enemies.
Your magical capacity is low. (-10% MP)


Message History

You shoot an arrow. The arrow hits the ogre.
The ogre is moderately wounded.
The ogre closely misses you.
You shoot an arrow. The arrow hits the ogre!
The ogre is heavily wounded.
The ogre barely misses you.
You shoot an arrow. The arrow hits the ogre.
The ogre is severely wounded.
The ogre hits you with a +0 giant spiked club!
You shoot an arrow. The arrow hits the ogre.
The ogre is severely wounded.
You shoot an arrow. The arrow hits the ogre!
You kill the ogre!
You feel your strength returning.
Your Stealth skill increases to level 3!
You have reached level 7!
Your demonic ancestry asserts itself...
Your blood heats up.
(D) Dungeon
Where to? (Enter - D:4, ? - help)
What level of the Dungeon? (default 1, ? - help)
There is an open door here.
You open the door.
There is an open door here.
You see here 5 stones.
There is an open door here.
There is a stone staircase leading up here.
You climb upwards.
There is a stone staircase leading down here.
There is an open door here.
There is a stone staircase leading up here.
You climb upwards.
There is a stone staircase leading down here.
There is an escape hatch in the floor here.
There is a stone staircase leading up here.
You climb upwards.
There is a stone staircase leading down here.
There is a staircase leading out of the dungeon here.
Are you sure you want to leave the Dungeon?
This will make you lose the game!
You have escaped!

#...# #.# #####.#####.# #...# #.#
####.# #.# ##...###### #.#
#####.##.# #..
#......##.###.###8.8#.##.# #.#
#.#.##.#.#.##.##.........#####.#
##.#.##..###.####......#...>....#
##.#...........##..8.....##...###
.#.##.#..#.#.#.#8......#.######
##......#...##.#@......#.#
......####.###.#8......#.#
####### #.# #.##..8...#.#
#...####.###.##........#
#.#......#...##......###
##...######.#.###8.8#.#
#.....##....#########.#
#.....##.......##.# ###
#.....##....#####.#


There were no monsters in sight!

Vanquished Creatures
  Sigmund (D:2)
  An ogre (D:4)
  2 hounds
  An iron imp (D:4)
  Ijyb (D:4)
  An orc wizard (D:3)
  8 gnolls
  4 adders
  An ufetubus (D:4)
  2 dart slugs
  4 orcs
  7 endoplasms
  8 giant cockroaches
  6 goblins
  6 hobgoblins
  4 jackals (D:3)
  6 kobolds
  3 quokkas
  12 ball pythons
  10 bats
  5 frilled lizards
  2 rats (D:1)
95 creatures vanquished.

Notes
Turn   | Place    | Note
-------+----------+-------------------------------------------
     0 | D:1      | Alarkh the Demonspawn Hunter began the quest for the Orb.
     0 | D:1      | Reached XP level 1. HP: 16/16 MP: 1/1
   118 | D:1      | Reached skill level 4 in Ranged Weapons
   138 | D:1      | Gained mutation: Spells you cast may paralyse adjacent
                  | enemies. [demonic ancestry]
   138 | D:1      | Reached XP level 2. HP: 22/22 MP: 2/2
   216 | D:1      | Found a shimmering altar of Xom.
   727 | D:2      | You fall into a shaft and drop 2 floors!
   783 | D:4      | Gained mutation: You are partially covered in large bone
                  | plates. (SH +4) [demonic ancestry]
   783 | D:4      | Reached XP level 3. HP: 27/27 MP: 3/3
   816 | D:4      | Reached skill level 5 in Ranged Weapons
   944 | D:4      | Gained mutation: You are mostly covered in large bone
                  | plates. (SH +6) [demonic ancestry]
   944 | D:4      | Reached XP level 4. HP: 33/33 MP: 4/4
  1145 | D:3      | Reached XP level 5. HP: 37/38 MP: 5/5
  1334 | D:3      | Reached skill level 6 in Ranged Weapons
  1438 | D:3      | Found an ornate altar of the Wu Jian Council.
  1642 | D:2      | Noticed Sigmund
  1662 | D:1      | Reached skill level 1 in Stealth
  1723 | D:2      | Killed Sigmund
  1724 | D:2      | Reached XP level 6. HP: 9/44 MP: 6/6
  2020 | D:2      | Gained mutation: Your magical capacity is low. (-10% MP)
                  | [potion of mutation]
  2418 | D:3      | Found a burning altar of Makhleb.
  2418 | D:3      | Noticed a green death
  2421 | D:3      | Noticed a hellwing
  2421 | D:3      | Noticed a neqoxec
  3101 | D:3      | Reached skill level 7 in Ranged Weapons
  3229 | D:4      | Noticed Ijyb
  3237 | D:4      | Killed Ijyb
  3387 | D:4      | Found a snail-covered altar of Cheibriados.
  3473 | D:4      | Gained mutation: Your demonic aura sometimes causes spilled
                  | blood to erupt in flames. [demonic ancestry]
  3473 | D:4      | Reached XP level 7. HP: 40/50 MP: 6/6
  3590 | D:$      | Got out of the dungeon alive.

Illustrated notes

Levels and vault maps discovered:
D:1:      mrwooster_arrival_statue_2, layout_loops_cross,
          chequers_serial_rivers_micro_c, minmay_hexomino_r4
D:2:      layout_loops_cross, uniq_sigmund
D:3:      layout_loops_ring, makhleb_altar_promises_db, lemuel_doored_altar,
          grunt_ministairs_6, chequers_serial_rivers_large_a,
          kennysheep_decorative_pillar
D:4:      layout_loops_corners, slow_altar_2, uniq_ijyb

Skill      XL: |  1  2  3  4  5  6 |
---------------+-------------------+-----
Ranged Weapons | 4 5 6 7 |  7.4
Stealth        | 2 3 |  3.0
Fighting       | |  2.0
Dodging        | |  1.7

Action                     |  1- 3 |  4- 6 |  7- 9 || total
---------------------------+-------+-------+-------++-------
   Fire: Shortbow          |    74 |   200 |       ||   274
    Use: Scroll            |       |     7 |       ||     7
         Potion            |       |     4 |       ||     4
 Armour: Leather armour    |     8 |    16 |       ||    24
  Dodge: Dodged            |    15 |    39 |       ||    54
  Block: Other             |     1 |    37 |       ||    38
         Reflection        |       |     1 |       ||     1
